 Dungeon Crawl Stone Soup version 0.18-a0-943-g2c08dd4 (webtiles) character file.

312 Gorice the Firebug (level 6, -2/28 HPs)
             Began as a Felid Wanderer on Dec 28, 2015.
             Was an Initiate of Vehumet.
             Slain by Edmund
             ... wielding a +0 dire flail
              (8 damage)
             ... on level 4 of the Dungeon.
             The game lasted 00:22:20 (4290 turns).

Gorice the Firebug (Felid Wanderer)                 Turns: 4290, Time: 00:22:20

Health: -2/28      AC:  2    Str: 10    XL:     6   Next: 18%
Magic:  4/11       EV: 20    Int: 14    God:    Vehumet [......]
Gold:   173        SH:  0    Dex: 20    Spells: 2 memorised, 7 levels left
                                        Lives:  0   Deaths: 1

rFire  . . .     SeeInvis +       - Unarmed
rCold  . . .     Gourm    .     (armour unavailable)
rNeg   . . .     Faith    .     (shield unavailable)
rPois  .         Spirit   .     (helmet unavailable)
rElec  .         Dismiss  .     (cloak unavailable)
rCorr  .         Reflect  .     (gloves unavailable)
SustAt .         Harm     .     (boots unavailable)
MR     .....                    n - amulet of regeneration
Stlth  ++++......               (no ring)
                                o - ring of invisibility

@: agile, quick, not resistant to hostile enchantments, stealthy
A: no armour, no weapons or thrown items, claws 1, fangs 3, see invisible,
carnivore 3, speed 1, shaggy fur 2, slow metabolism 1, sharp paws
a: Renounce Religion, Evoke Invisibility


You were on level 4 of the Dungeon.
You worshipped Vehumet.
Vehumet was noncommittal.
You were not hungry.

You visited 2 branches of the dungeon, and saw 5 of its levels.

You collected 173 gold pieces.

Inventory:

Jewellery
 n - an amulet of regeneration (around neck)
 o - a ring of invisibility (left paw)
 t - an uncursed amulet of guardian spirit
 Z - an uncursed ring of ice
Scrolls
 b - a scroll of enchant weapon {unknown}
 e - 3 scrolls of fog
 r - 3 scrolls of random uselessness
 s - 3 scrolls of amnesia
 u - 5 scrolls of teleportation {!r}
 w - a scroll of remove curse
Potions
 a - a potion of heal wounds {!q}
 d - 3 potions of curing
 h - a potion of brilliance {unknown}
 i - 2 potions of cure mutation {unknown}
 l - a potion of might {unknown}
 m - a potion of magic {unknown}
 p - a potion of invisibility {unknown}
 q - a potion of flight {unknown}
Books
 c - Sif Muna's Collected Works on Scorching Conjuration

   Spells                             Type                      Level
   a - Flame Tongue                   Conjuration/Fire             1
   b - Throw Flame                    Conjuration/Fire             2
Comestibles
 f - 2 meat rations {!e}
 j - 2 beef jerkies
 x - a royal jelly


   Skills:
 - Level 4.0 Fighting
 - Level 2.6 Stealth
 - Level 1.0 Unarmed Combat
 + Level 2.9 Spellcasting
 * Level 4.1 Conjurations
   Level 1.2 Charms
   Level 1.1 Transmutations
 * Level 4.2 Fire Magic


You had 7 spell levels left.
You knew the following spells:

 Your Spells              Type           Power        Failure   Level  Hunger
a - Flame Tongue          Conj/Fire      ##...        4%          1    #......
b - Throw Flame           Conj/Fire      ##....       10%         2    ##.....


Dungeon Overview and Level Annotations

Branches:
Dungeon (4/15)             Temple (1/1) D:4

Altars:
Cheibriados
Elyvilon
Fedhas
Makhleb
Pakellas
Ru
Sif Muna
Trog
Vehumet
The Shining One

Annotations:
D:4 Edmund


Innate Abilities, Weirdness & Mutations

You cannot wear armour.
You are incapable of wielding weapons or throwing items.
You have sharp claws.
You have razor-sharp teeth.
You have supernaturally acute eyesight.
You are carnivorous and can eat meat at any time.
You cover ground quickly.
You are covered in thick fur (AC +2).
You have a slow metabolism.
Your sharp claws are effective at attacking unaware monsters.


Message History

Edmund is lightly wounded.
Drink which item? (? for menu, Esc to quit)
Really quaff
a - 2 potions of heal wounds {!q}?
You feel much better. Edmund misses you.
You closely miss Edmund.
Edmund is lightly wounded.
Edmund hits you with a dire flail!
Damage: 7 (max 8)
You closely miss Edmund. Your bite misses Edmund.
Edmund is lightly wounded.
Edmund completely misses you.
You scratch Edmund.
Edmund is moderately wounded.
Edmund closely misses you.
You scratch Edmund but do no damage.
Edmund is moderately wounded.
Edmund misses you.
You scratch Edmund but do no damage.
Edmund is moderately wounded.
Edmund closely misses you.
You scratch Edmund but do no damage.
Edmund is moderately wounded.
Edmund hits you with a dire flail!
Damage: 9 (max 9)
You scratch Edmund.
Edmund is moderately wounded.
Edmund closely misses you.
You scratch Edmund but do no damage. You bite Edmund.
Edmund is moderately wounded.
You scratch Edmund.
Edmund is heavily wounded.
Edmund closely misses you.
You barely miss Edmund.
Edmund is heavily wounded.
Edmund barely misses you.
You barely miss Edmund.
Edmund is heavily wounded.
Edmund misses you.
You scratch Edmund but do no damage. You bite Edmund, but do no damage.
Edmund is heavily wounded.
Edmund hits you with a dire flail!
* * * LOW HITPOINT WARNING * * *
Damage: 10 (max 10)
You scratch Edmund but do no damage. You bite Edmund.
Edmund is heavily wounded.
Edmund barely misses you.
You scratch Edmund but do no damage.
Edmund is heavily wounded.
Edmund hits you with a dire flail!
You die...

######.........####..#<'.........
..#...#...............##...######
#.#..##.###########.####.#######
#.#...#.#......................#
#.#.....#....#...#.####..#####.#
#.#................####.## #.##
#.#..<.....#............# #...
#.####.###.###..@######## #..#
#...............@# #..#
######.###....#..#### ######..#
####.######.#.....# #........
#.......# #.##.##.# #........
#.......# #....##.# #.......#
###...[...# ####....# #.......#
..........######.########.......#
.....###...............##########
##....##########.#####.#


You could see Edmund.

Vanquished Creatures
  Grinder (D:3)
  A scorpion (D:4)
  A hound (D:3)
  4 orc wizards
  2 worker ants (D:4)
  An iguana (D:4)
  2 adders (D:2)
  3 worms
  2 giant geckos
  7 orcs
  5 bats
  4 giant cockroaches
  4 goblins
  2 hobgoblins
  6 jackals
  A quokka (D:4)
  5 giant newts
  9 kobolds
  9 rats
69 creatures vanquished.

Notes
Turn   | Place    | Note
--------------------------------------------------------------
     0 | D:1      | Gorice the Felid Wanderer began the quest for the Orb.
     0 | D:1      | Gorice set off with: a potion of heal wounds {!q}, a potion of haste {!q}, Sif Muna's Collected Works on Scorching Conjuration, a potion of curing, a meat ration {!e}
     0 | D:1      | Reached XP level 1. HP: 11/11 MP: 3/3
     0 | D:1      | Identified Sif Muna's Collected Works on Scorching Conjuration
     2 | D:1      | Learned a level 1 spell: Flame Tongue
   146 | D:1      | Reached skill level 1 in Conjurations
   314 | D:1      | Reached XP level 2. HP: 10/15 MP: 0/4
   540 | D:1      | Reached skill level 1 in Fire Magic
   893 | D:2      | HP: 4/15 [worm (11)]
  1193 | D:2      | Found a faded altar to an unknown god.
  1551 | D:2      | HP: 4/15 [adder (5)]
  1553 | D:2      | Reached XP level 3. HP: 6/18 MP: 0/5
  2026 | D:3      | Noticed Grinder
  2027 | D:3      | Paralysed by Grinder for 4 turns
  2033 | D:3      | HP: 5/18 [Grinder (1)]
  2048 | D:3      | HP: 3/18 [Grinder (3)]
  2048 | D:3      | HP: 1/18 [Grinder (2)]
  2051 | D:3      | Paralysed by Grinder for 7 turns
  2057 | D:3      | HP: 4/18 [Grinder (6)]
  2061 | D:3      | HP: 1/18 [Grinder (3)]
  2067 | D:3      | HP: 5/18 [Grinder (2)]
  2087 | D:3      | Killed Grinder
  2087 | D:3      | Reached skill level 2 in Spellcasting
  2087 | D:3      | Reached skill level 3 in Conjurations
  2087 | D:3      | Reached skill level 2 in Fire Magic
  2087 | D:3      | Reached XP level 4. HP: 19/22 MP: 1/8
  2087 | D:3      | Reached XP level 5. HP: 21/25 MP: 1/9
  2351 | D:2      | Reached skill level 3 in Fire Magic
  2707 | D:3      | Gained mutation: You are covered in thick fur (AC +2). [Felid growth]
  2707 | D:3      | Reached XP level 6. HP: 28/28 MP: 10/10
  2901 | D:3      | Learned a level 2 spell: Throw Flame
  2918 | D:3      | HP: 8/28 [poisoned by a scorpion]
  2923 | D:3      | HP: 5/28 [poisoned by a scorpion]
  2929 | D:3      | HP: 4/28 [poisoned by a scorpion]
  2934 | D:3      | HP: 3/28 [poisoned by a scorpion]
  2940 | D:3      | HP: 4/28 [poisoned by a scorpion]
  2948 | D:3      | HP: 6/28 [poisoned by a scorpion]
  3027 | D:4      | Found a white marble altar of Elyvilon.
  3064 | D:4      | Found a glowing golden altar of the Shining One.
  3150 | D:4      | HP: 8/28 [poisoned by a worker ant]
  3155 | D:4      | HP: 6/28 [poisoned by a worker ant]
  3161 | D:3      | HP: 5/28 [poisoned by a worker ant]
  3167 | D:3      | HP: 5/28 [poisoned by a worker ant]
  3175 | D:3      | HP: 7/28 [poisoned by a worker ant]
  3423 | D:4      | Found a staircase to the Ecumenical Temple.
  3429 | Temple   | Entered the Ecumenical Temple
  3436 | Temple   | Became a worshipper of Vehumet
  3647 | D:4      | Reached skill level 4 in Fire Magic
  3865 | D:4      | Noticed Edmund
  3940 | D:3      | Killed from afar by an orc wizard
  3941 | D:3      | Reached XP level 5. HP: -1/25 MP: 0/10
  3981 | D:3      | Reached skill level 4 in Conjurations
  3981 | D:3      | Reached XP level 6. HP: 28/28 MP: 6/11
  4270 | D:4      | HP: 5/28 [Edmund/dire flail (8)]
  4288 | D:4      | HP: 5/28 [Edmund/dire flail (11)]
  4290 | D:4      | Slain by Edmund

Vault maps used:
D:1:      roderic_dead_forest, serial_bayou_pond_d
D:2:      ecumenical_altar_2, first_bread
D:3:      uniq_grinder
D:4:      old_standard_altar, elyvilon_altar_5, minmay_temple_entry_fiery,
          uniq_edmund
Temple:   nicolae_temple_no_exploring_needed

Action                   |  1- 3 |  4- 6 || total
-------------------------+-------+-------++-------
Melee: Unarmed           |    84 |    57 ||   141
 Cast: Flame Tongue      |    34 |    91 ||   125
       Throw Flame       |       |    12 ||    12
  Use: Scroll            |     7 |     4 ||    11
       Potion            |     5 |     2 ||     7
 Stab: Sleeping          |    11 |     7 ||    18
  Eat: Chunk             |    11 |     7 ||    18

Table legend:
 A = Turns spent in this place as a percentage of turns spent in the entire game.
 B = Non-inter-level travel turns spent in this place as a percentage of non-inter-level travel turns spent in the entire game.
 C = Inter-level travel turns spent in this place as a percentage of turns spent in this place.
 D = Turns resting spent in this place as a percentage of non-inter-level travel turns spent in this place.
 E = Turns spent auto-exploring this place as a percentage of non-inter-level travel turns spent in this place.
 F = Non-inter-level travel turns spent in this place divided by the number of levels of this place that you've seen.
                   A       B       C       D       E      F
               +-------+-------+-------+-------+-------+----------------------
         Total | 100.0 | 100.0 |   0.7 |   3.4 |   3.8 | 382.2
       Dungeon |  99.3 |  99.3 |   0.7 |   3.4 |   3.8 | 474.2
        Temple |   0.7 |   0.7 |   0.0 |   0.0 |   0.0 |  14.0
               +-------+-------+-------+-------+-------+----------------------

Vault maps used:
D:1:      roderic_dead_forest, serial_bayou_pond_d
D:2:      ecumenical_altar_2, first_bread
D:3:      uniq_grinder
D:4:      old_standard_altar, elyvilon_altar_5, minmay_temple_entry_fiery,
          uniq_edmund
Temple:   nicolae_temple_no_exploring_needed
